 Dungeon Crawl Stone Soup version 0.15-a0-53-g5e01d95 (webtiles) character file.

135 arnyek the Grave Robber (level 3, 0/19 HPs)
             Began as a Deep Elf Necromancer on Apr 3, 2014.
             Succumbed to an adder's poison
             ... on Level 2 of the Dungeon on Apr 4, 2014.
             The game lasted 00:24:42 (1740 turns).

arnyek the Grave Robber (Deep Elf Necromancer)      Turns: 1740, Time: 00:24:42

HP   0/19        AC  3     Str  5      XL: 3   Next: 82%
MP  12/12        EV 10     Int 18 (20) God:
Gold 75          SH  0     Dex 15      Spells:  2 memorised,  8 levels left

rFire  . . .     SeeInvis .     (no weapon)
rCold  . . .     Clarity  .     e - +0 leather armour
rNeg   . . .     Conserve .     (no shield)
rPois  .         rCorr    .     (no helmet)
rElec  .         rRot     .     (no cloak)
SustAb . .       Spirit   .     (no gloves)
rMut   .         Warding  .     (no boots)
Saprov . . .     Stasis   .     (no amulet)
MR     .....                    (no ring)
                                (no ring)

@: lethally poisoned, not resistant to hostile enchantments, fairly stealthy
A: no striking features
a: no special abilities


You were on level 2 of the Dungeon.
You were not hungry.

You visited 1 branch of the dungeon, and saw 2 of its levels.

You collected 75 gold pieces.

Inventory:

Missiles
 f - 9 bolts of frost
Armour
 a - a +0 robe
 e - a +0 leather armour (worn)
Comestibles
 c - 2 bread rations
 m - an orange
 p - a meat ration
Scrolls
 d - 3 scrolls of teleportation
Books
 b - a book of Necromancy

   Spells                             Type                      Level
   *Pain                              Necromancy                   1
   *Animate Skeleton                  Necromancy                   1
   Lethal Infusion                    Charms/Necromancy            2
   Vampiric Draining                  Necromancy                   3
   Regeneration                       Charms/Necromancy            3
   Animate Dead                       Necromancy                   4
   Control Undead                     Necromancy                   4


   Skills:
 + Level 0.1 Armour
 + Level 2.7 Dodging
 + Level 2.5 Stealth
 + Level 4.2 Spellcasting
 + Level 5.8 Necromancy


You had 8 spell levels left.
You knew the following spells:

 Your Spells              Type           Power        Failure   Level  Hunger
a - Pain                  Necr           ###.         1%          1    None
b - Animate Skeleton      Necr           N/A          1%          1    None


Dungeon Overview and Level Annotations

Branches:
Dungeon (2/15)

Altars:
Vehumet


Message History

* * * LOW HITPOINT WARNING * * *
You feel sick.
You see here a chunk of adder flesh.
There is a lethal amount of poison in your body!
Unknown command.
There is a lethal amount of poison in your body!
Unknown command.
Unknown command.
* * * LOW HITPOINT WARNING * * *
You feel sick.
* * * LOW HITPOINT WARNING * * *
You feel sick.
Unknown command.
* * * LOW HITPOINT WARNING * * *
You feel sick.
* * * LOW HITPOINT WARNING * * *
You feel sick.
* * * LOW HITPOINT WARNING * * *
You feel sick.
You die...

#.# #..#####...##### #z#
#..#$)$#..## #
#.########..#([r#..# #
#...z.......#r?[#zz# #
######.<....#####..# ###
#########.#.#.........####..
#...........#..............#
#.#######.###..####.........
#zz@.....###.####.#.
####.###.###.# #.#. ...#
#...#.# #.## #.###.#.#.# #.#
#.........# #.# ###.###(###
#.# #.# #.######.## #.#
#.......#.. #.##########.#.


You could see a friendly giant newt skeleton and a friendly adder skeleton.

Vanquished Creatures
  An adder (D:2)
  A worm (D:2)
  A giant gecko (D:2)
  2 bats (D:2)
  A giant cockroach (D:1)
  2 goblins (D:1)
  2 hobgoblins (D:1)
  2 oozes
  A quokka (D:2)
  3 giant newts
  2 jackals (D:1)
  A kobold (D:1)
  8 rats
27 creatures vanquished.

Vanquished Creatures (collateral kills)
  2 adders (D:2)
  An ooze (D:1)
  A bat (D:2)
4 creatures vanquished.

Vanquished Creatures (others)
  An adder skeleton (D:2)
  A bat skeleton (D:2)
  A giant gecko skeleton (D:2)
  A rat skeleton (D:2)
4 creatures vanquished.

Grand Total: 35 creatures vanquished

Notes
Turn   | Place    | Note
--------------------------------------------------------------
     0 | D:1      | arnyek, the Deep Elf Necromancer, began the quest for the Orb.
     0 | D:1      | Reached XP level 1. HP: 10/10 MP: 5/5
    14 | D:1      | Learned a level 1 spell: Animate Skeleton
    59 | D:1      | Reached skill level 5 in Necromancy
   281 | D:1      | Reached XP level 2. HP: 6/15 MP: 4/8
   763 | D:1      | Upgraded the game from 0.15-a0-39-g424acf8 to 0.15-a0-53-g5e01d95
   845 | D:2      | Found a radiant altar of Vehumet.
   894 | D:2      | Reached XP level 3. HP: 7/19 MP: 5/11
  1740 | D:2      | Succumbed to an adder's poison

Action                   || total
-------------------------++-------
Melee: Unarmed           ||     1
 Cast: Pain              ||    57
       Animate Skeleton  ||    13
  Use: Scroll            ||     7
       Potion            ||     5
